 Dungeon Crawl Stone Soup version 0.25-a0-834-g55863b0b92 (webtiles) character file.

Game seed: 511343737919715447, levelgen mode: deterministic

6251 Flugkiller the Thaumaturge (level 10, -4/74 HPs)
             Began as a Mummy Air Elementalist on Apr 22, 2020.
             Was a Believer of Uskayaw.
             Slain by a fire crab (14 damage)
             ... on level 9 of the Dungeon.
             The game lasted 00:24:22 (12142 turns).

Flugkiller the Thaumaturge (MuAE)                  Turns: 12142, Time: 00:24:22

Health: -4/74      AC: 10    Str: 10    XL:     10   Next: 62%
Magic:  7/23       EV: 13    Int: 23    God:    Uskayaw [**....]
Gold:   543        SH:  0    Dex: 12    Spells: 12/27 levels left

rFire    . . .     SeeInvis .   a - +2 quick blade of Accord {chaos, +Rage Str-3 Int+6 Stlth+}
rCold    + + .     Gourm    .   (no shield)
rNeg     + + +     Faith    .   k - +0 leather armour {rF+}
rPois    ∞         Spirit   .   r - +2 helmet
rElec    .         Reflect  .   t - +0 cloak
rCorr    +         Harm     .   e - +2 pair of gloves
MR       +....                  (no boots)
Stlth    ++........             (no amulet)
HPRegen  0.22/turn              g - ring of protection from cold
MPRegen  0.18/turn              o - ring of resist corrosion

@: no status effects
A: no food or potions, fire vulnerability, cold resistance 1, negative energy
resistance 3, torment resistance, unbreathing
a: Stomp, Line Pass, Renounce Religion


You were on level 9 of the Dungeon.
You worshipped Uskayaw.
Uskayaw was noncommittal.
You were not hungry.

You visited 1 branch of the dungeon, and saw 9 of its levels.
You also visited: Sewer.

You collected 711 gold pieces.
You spent 168 gold pieces at shops.

Inventory:

Hand Weapons
 a - the +2 quick blade of Accord (weapon) {chaos, +Rage Str-3 Int+6 Stlth+}
   (You acquired it on level 9 of the Dungeon)

   Each time it hits an enemy it has a different, random effect.
   It affects your strength (-3).
   It affects your intelligence (+6).
   It lets you go berserk.
   It makes you more stealthy.
 b - a +1 long sword of electrocution
   (You found it on level 2 of the Dungeon)
 z - a +2 rapier of venom
   (You bought it in a shop on level 4 of the Dungeon)
Missiles
 i - 7 silver javelins (quivered)
 w - a throwing net
Armour
 e - a +2 pair of gloves (worn)
   (You found it on level 3 of the Dungeon)
 k - a +0 leather armour of fire resistance (worn)
   (You took it off an orc on level 3 of the Dungeon)
 l - a +0 tower shield
   (You found it on level 4 of the Dungeon)
 m - a +0 robe
 r - a +2 helmet (worn)
   (You found it on level 6 of the Dungeon)
 t - a +0 cloak (worn)
   (You took it off Crazy Yiuf on level 6 of the Dungeon)
Jewellery
 g - a ring of protection from cold (left hand)
   (You found it on level 2 of the Dungeon)
 o - a ring of resist corrosion (right hand)
   (You found it on level 5 of the Dungeon)
Wands
 p - a wand of flame (23)
   (You found it on level 6 of the Dungeon)
 y - a wand of iceblast (8)
   (You found it on level 9 of the Dungeon)
Scrolls
 d - a scroll of fog
 f - 3 scrolls of teleportation
 h - a scroll of enchant armour
 j - 5 scrolls of remove curse
 n - a scroll of magic mapping
 q - 2 scrolls of amnesia
 s - 2 scrolls of blinking
 u - 2 scrolls of fear
 v - a scroll of torment
 x - 2 scrolls of identify


   Skills:
 + Level 5.0 Fighting
 - Level 4.0 Short Blades
 - Level 5.0 Dodging
 - Level 1.5 Stealth
 - Level 9.0 Spellcasting
 - Level 3.1 Conjurations
 + Level 5.8 Necromancy
 - Level 6.1 Air Magic
 - Level 5.0 Invocations


You had 12 spell levels left.
You knew the following spells:

 Your Spells              Type           Power        Failure   Level  Hunger
a - Shock                 Conj/Air       ####         1%          1    N/A
b - Swiftness             Chrm/Air       ###.....     3%          2    N/A
c - Static Discharge      Conj/Air       ####....     3%          3    N/A
d - Airstrike             Air            #####.....   7%          4    N/A
e - Animate Skeleton      Necr           N/A          1%          1    N/A
f - Animate Dead          Necr           N/A          8%          4    N/A

Your spell library contained the following spells:

 Spells                   Type           Power        Failure   Level  Hunger
 Pain                     Necr           ####         1%          1    N/A
 Vampiric Draining        Necr           #####.....   2%          3    N/A
 Infusion                 Chrm           ##..         9%          1    N/A
 Shroud of Golubria       Chrm/Tloc      ##....       13%         2    N/A
 Song of Slaying          Chrm           ##......     13%         2    N/A
 Agony                    Necr           #####...     22%         5    N/A
 Ozocubu's Armour         Chrm/Ice       ##......     26%         3    N/A
 Spectral Weapon          Hex/Chrm       ##......     26%         3    N/A
 Lightning Bolt           Conj/Air       ####......   34%         5    N/A

Dungeon Overview and Level Annotations

Branches:
Dungeon (9/15)             Temple (0/1) D:6            Lair (0/6) D:9
  Sewer (visited)
    Orc: D:9-12

Altars:
Cheibriados
Dithmenos
Fedhas
Hepliaklqana
Nemelex Xobeh
Qazlal
Sif Muna
Trog
Uskayaw
Wu Jian
Xom
Yredelemnul

Shops:
D:4 (

Annotations:
D:6 Maggie
D:8 exclusion: two-headed ogre


Innate Abilities, Weirdness & Mutations

You do not eat or drink.
Your flesh is vulnerable to fire.
You are immune to poison.
Your flesh is cold resistant. (rC+)
You are immune to negative energy. (rN+++)
You are immune to unholy pain and torment.
You can survive without breathing.


Message History

Unknown command.
You hit the fire crab but do no damage. You barely miss the fire crab.
The fire crab closely misses you. The fire crab claws you.
You are engulfed in flames!
You barely miss the fire crab.
Casting: Shock (safe; 1% risk of failure)
Confirm with . or Enter, or press ? or * to list all spells.
Aiming: Airstrike (mildly dangerous; 7% risk of failure)
Press: ? - help, Dir - move target cursor, f - fire crab
Aim: a fire crab The air twists around and strikes the fire crab!
The fire crab is moderately wounded.
The fire crab breathes flames at you.
The blast of flame engulfs you but does no damage.
Casting: Airstrike (mildly dangerous; 7% risk of failure)
Confirm with . or Enter, or press ? or * to list all spells.
Aiming: Airstrike (mildly dangerous; 7% risk of failure)
Press: ? - help, Dir - move target cursor, f/p - fire crab
Aim: a fire crab (flame, moderately wounded)
The air twists around and strikes the fire crab!
The fire crab is heavily wounded.
You are engulfed in blazing flames.
The fire crab breathes flames at you. The blast of flame engulfs you!
You can now pass through a line of other dancers.
Unknown command.
Casting: Airstrike (mildly dangerous; 7% risk of failure)
Confirm with . or Enter, or press ? or * to list all spells.
Aiming: Airstrike (mildly dangerous; 7% risk of failure)
Press: ? - help, Dir - move target cursor, f/p - fire crab
Aim: a fire crab (flame, heavily wounded)
The air twists around and strikes the fire crab!
The fire crab is heavily wounded.
The fire crab breathes flames at you. The blast of flame misses you.
Unknown command.
Casting: Airstrike (mildly dangerous; 7% risk of failure)
Confirm with . or Enter, or press ? or * to list all spells.
Aiming: Airstrike (mildly dangerous; 7% risk of failure)
Press: ? - help, Dir - move target cursor, f/p - fire crab
Aim: a fire crab (heavily wounded)
The air twists around and strikes the fire crab.
The fire crab is severely wounded.
You are engulfed in blazing flames.
* * * LOW HITPOINT WARNING * * *
The fire crab bites you but does no damage.
The fire crab claws you!
* * * LOW HITPOINT WARNING * * *
You are engulfed in flames!
You die...

#.......#
##.......#
#........#
##'##.....#
##.!.##....#
#.###.######
#.# .#
#.#+#.#
##@t.# #####


You could see a fire crab.

Vanquished Creatures
  Prince Ribbit (D:6)
  A hippogriff (D:7)
  A wyvern (D:8)
  Eustachio (D:4)
  A yak (D:9)
  A hungry ghost (D:7)
  A basilisk (D:9)
  Menkaure (D:7)
  A water moccasin (D:6)
  A black bear (D:6)
  3 orc warriors (D:6)
  An ice beast (D:9)
  A sky beast (D:8)
  7 ogres
  5 phantoms
  A hornet zombie (D:8)
  A centaur (D:6)
  A crocodile (D:9)
  2 big kobolds
  7 bullfrogs
  A gnoll sergeant (D:8)
  3 scorpions
  A wyvern skeleton (D:9)
  6 killer bees
  4 howler monkeys
  3 centaur zombies
  6 crimson imps
  5 hounds
  3 orc wizards
  Crazy Yiuf (D:6)
  3 bullfrog skeletons
  An orc priest (D:5)
  3 iguanas
  6 worker ants
  A hound zombie (D:7)
  A worker ant zombie (D:9)
  11 gnolls
  9 adders
  2 river rats
  A shadow imp (D:6)
  An ooze (D:2)
  6 worms
  3 dart slugs
  7 leopard geckos
  16 orcs
  2 ball pythons (D:2)
  5 bats
  7 giant cockroaches
  6 goblins
  7 hobgoblins
  8 jackals
  4 quokkas
  4 frilled lizards
  A giant cockroach zombie (D:5)
  17 kobolds
  2 quokka skeletons (D:4)
  8 rats
214 creatures vanquished.

Vanquished Creatures (others)
  5 toadstools (D:7)
5 creatures vanquished.

Grand Total: 219 creatures vanquished

Notes
Turn   | Place    | Note
-------+----------+-------------------------------------------
     0 | D:1      | Flugkiller the Mummy Air Elementalist began the quest for
                  | the Orb.
     0 | D:1      | Reached XP level 1. HP: 13/13 MP: 4/4
   322 | D:1      | Reached skill level 3 in Spellcasting
   426 | D:1      | Reached XP level 2. HP: 19/19 MP: 0/6
   762 | D:1      | Learned a level 2 spell: Swiftness
   908 | D:1      | Reached skill level 1 in Conjurations
   976 | D:1      | Reached XP level 3. HP: 24/24 MP: 4/7
   981 | D:1      | Learned a level 3 spell: Static Discharge
  1990 | D:2      | Reached XP level 4. HP: 30/30 MP: 3/8
  2323 | D:2      | Found an ornate altar of the Wu Jian Council.
  2327 | D:2      | Found a sparkling altar of Nemelex Xobeh.
  2332 | D:2      | Found a hide-covered altar of Uskayaw.
  2340 | D:2      | Became a worshipper of Uskayaw the Reveler
  2585 | D:3      | Reached * piety under Uskayaw
  2645 | D:3      | Reached ** piety under Uskayaw
  2790 | D:3      | Reached XP level 5. HP: 35/35 MP: 1/9
  2790 | D:3      | Reached *** piety under Uskayaw
  2951 | D:3      | Found a glowing drain.
  2955 | Sewer    | Entered a sewer
  3166 | Sewer    | Reached XP level 6. HP: 31/41 MP: 0/11
  3328 | Sewer    | Found a white marble altar of Elyvilon.
  3805 | D:4      | Learned a level 4 spell: Airstrike
  3859 | D:4      | Reached skill level 4 in Spellcasting
  4331 | D:4      | Found a basalt altar of Yredelemnul.
  4364 | D:4      | Found a snail-covered altar of Cheibriados.
  4373 | D:4      | Found a hazy altar of Hepliaklqana.
  4374 | D:4      | Reached skill level 5 in Air Magic
  4374 | D:4      | Reached XP level 7. HP: 42/46 MP: 10/14
  4378 | D:4      | Found a bloodstained altar of Trog.
  4379 | D:4      | Found a shimmering blue altar of Sif Muna.
  4504 | D:4      | Found Loeraf's Antique Weapon Emporium.
  4609 | D:4      | Reached skill level 5 in Spellcasting
  4826 | D:4      | Noticed Eustachio
  4843 | D:4      | Killed Eustachio
  4980 | D:4      | Bought a runed rapier for 168 gold pieces
  5033 | D:5      | Entered Level 5 of the Dungeon
  5034 | D:5      | Found a sparkling altar of Nemelex Xobeh.
  5442 | D:5      | Reached skill level 1 in Fighting
  5442 | D:5      | Reached skill level 1 in Invocations
  5443 | D:5      | Reached **** piety under Uskayaw
  5575 | D:5      | Reached skill level 1 in Short Blades
  5828 | D:4      | Reached XP level 8. HP: 51/54 MP: 8/15
  6162 | D:5      | Found a shimmering altar of Xom.
  6485 | D:6      | Found a blossoming altar of Fedhas.
  6665 | D:6      | Found a staircase to the Ecumenical Temple.
  6793 | D:6      | Found a shadowy altar of Dithmenos.
  6900 | D:6      | Noticed Maggie
  7046 | D:6      | Noticed Prince Ribbit
  7072 | D:6      | Killed Prince Ribbit
  7241 | D:6      | Reached XP level 9. HP: 57/65 MP: 3/16
  8007 | D:6      | Found a runed translucent door.
  8008 | D:6      | Noticed Crazy Yiuf
  8149 | D:6      | Reached ***** piety under Uskayaw
  8565 | D:6      | Killed Crazy Yiuf
  9258 | D:7      | Learned a level 1 spell: Animate Skeleton
  9398 | D:7      | Found a shimmering blue altar of Sif Muna.
  9541 | D:7      | Reached skill level 1 in Necromancy
  9567 | D:7      | Reached skill level 5 in Invocations
  9671 | D:7      | Reached skill level 5 in Dodging
  9671 | D:7      | Reached skill level 6 in Spellcasting
  9772 | D:7      | Noticed Menkaure
  9774 | D:7      | Killed Menkaure
  9774 | D:7      | Reached XP level 10. HP: 70/73 MP: 6/19
 10073 | D:8      | Found a stormy altar of Qazlal.
 10122 | D:8      | Noticed a two-headed ogre
 10391 | D:8      | Reached skill level 7 in Spellcasting
 10792 | D:8      | Reached skill level 8 in Spellcasting
 11187 | D:9      | Reached skill level 5 in Necromancy
 11338 | D:9      | Found a shimmering altar of Xom.
 11869 | D:9      | Noticed an elephant
 11973 | D:9      | Identified a scroll of acquirement
 11974 | D:9      | Identified the +1 kite shield of the Skies Above {+Fly rN+
                  | rCorr} (You acquired it on level 9 of the Dungeon)
 11974 | D:9      | Identified the +2 quick blade of Accord {chaos, +Rage Str-3
                  | Int+6 Stlth+} (You acquired it on level 9 of the Dungeon)
 11984 | D:9      | Reached skill level 5 in Fighting
 11984 | D:9      | Reached skill level 9 in Spellcasting
 12061 | D:9      | Found a staircase to the Lair.
 12116 | D:9      | Learned a level 4 spell: Animate Dead
 12134 | D:9      | Noticed a fire crab
 12142 | D:9      | Slain by a fire crab

Levels and vault maps discovered:
D:1:      dpeg_arrival_leaves_temple_mockup, layout_loops_ring
D:2:      layout_basic, minmay_overflow_temple_star_quad, first_ration
D:3:      layout_loops_ring, gup_sewer_entry_bowl
D:4:      layout_rooms, minitemple, yredelemnul_altar_generic, serial_shops,
          shop, grunt_ministairs_12, grunt_decor_clamped, uniq_eustachio
D:5:      layout_basic, led_xom_imps, nemelex_xobeh_ov_fountains_minmay
D:6:      layout_loops_ring, nicolae_dithmenos_shadow_blocks,
          fedhas_bush_and_centaur_altar, minmay_temple_entry_waves,
          serial_glass, glass_columns_a, glass_columns_b, glass_columns_c,
          glass_columns_a, glass_columns_a, glass_columns_b,
          kennysheep_decorative_pillar, minmay_fractal_squares_gapless_5,
          uniq_crazy_yiuf_cottage, uniq_maggie, uniq_prince_ribbit1
D:7:      layout_basic, grunt_ogre_cave, minmay_gold_behind_fungi,
          lemuel_blue_sif_altar, uniq_menkaure
D:8:      layout_loops_cross, nicolae_qazlal_style_of_elements
D:9:      layout_rooms, david_lair_generic, basic_altar, moated_statue,
          kennysheep_just_a_vault

Skill      XL: |  1  2  3  4  5  6  7  8  9 10 |
---------------+-------------------------------+-----
Spellcasting   | 3 4 5 6 9 |  9.0
Air Magic      | 3 4 5 6 |  6.1
Conjurations   | 1 2 3 |  3.1
Fighting       | 1 3 4 5 |  5.0
Invocations    | 1 3 5 |  5.0
Short Blades   | 1 3 4 |  4.0
Dodging        | 2 3 5 |  5.0
Necromancy     | 2 5 |  5.8
Stealth        | |  1.5

Action                   |  1- 3 |  4- 6 |  7- 9 | 10-12 || total
-------------------------+-------+-------+-------+-------++-------
Melee: Dagger            |    26 |       |       |       ||    26
       Long sword        |       |    57 |    15 |    10 ||    82
       Rapier            |       |       |   158 |    65 ||   223
       Quick blade       |       |       |       |     5 ||     5
 Cast: Shock             |    95 |   133 |   197 |    39 ||   464
       Static Discharge  |       |       |    15 |       ||    15
       Airstrike         |       |       |    26 |    34 ||    60
       Swiftness         |       |       |     1 |       ||     1
       Animate Skeleton  |       |       |       |     2 ||     2
Evoke: Wand              |       |       |     2 |       ||     2
  Use: Scroll            |       |     5 |     8 |     3 ||    16
 Stab: Paralysed         |       |       |    10 |     1 ||    11
       Sleeping          |       |       |       |     1 ||     1
Armor: Robe              |     7 |       |       |       ||     7
       Leather armour    |       |    17 |    81 |    31 ||   129
Dodge: Dodged            |    41 |    52 |   203 |    54 ||   350
       Rpst.: Long sword |       |    15 |     9 |     2 ||    26

Table legend:
 A = Non-vault XP
 B = Vault XP
 C = Vault XP percentage of total XP
 D = Non-vault monster count
 E = Vault monster count
 F = Vault count percentage of total count
                 A         B        C        D         E       F
            +---------+---------+-------+---------+---------+-------
      Total |    6758 |    2173 |  24.3 |     183 |      31 |  14.5
            +---------+---------+-------+---------+---------+-------
        D:1 |      45 |       0 |   0.0 |      25 |       0 |   0.0
        D:2 |      79 |       0 |   0.0 |      20 |       0 |   0.0
        D:3 |     144 |      16 |  10.0 |      26 |       2 |   7.1
        D:4 |     563 |     197 |  25.9 |      22 |       1 |   4.3
        D:5 |     576 |     192 |  25.0 |      18 |       4 |  18.2
        D:6 |    1183 |     862 |  42.2 |      19 |       8 |  29.6
        D:7 |    1523 |     285 |  15.8 |      27 |       2 |   6.9
        D:8 |    2071 |       0 |   0.0 |      16 |       0 |   0.0
        D:9 |     574 |     490 |  46.1 |      10 |       3 |  23.1
      Sewer |       0 |     131 | 100.0 |       0 |      11 | 100.0
            +---------+---------+-------+---------+---------+-------
